 Dungeon Sprint DCSS version 0.29.1-2-gbd0b4ee654 (webtiles) character file.

Game seed: 12278316457818301841

0 tevo3000 the Ducker (level 1, -1/10 HPs)
             Began as a Felid Monk on Nov 28, 2022.
             Was a Believer of Dithmenos.
             Slain by a worm (5 damage)
             ... in the Dungeon (Sprint VI: "Thunderdome").
             The game lasted 00:01:45 (176 turns).

tevo3000 the Ducker (Felid Monk)                     Turns: 176, Time: 00:01:45

Health: -1/10      AC:  1    Str:  7    XL:     1   Next: 66%
Magic:  2/2        EV: 19    Int: 11    God:    Dithmenos [**....]
Gold:   0          SH:  0    Dex: 18    Spells: 0/0 levels left
                                        Lives:  0   Deaths: 0

rFire   . . .      SeeInvis +     - Unarmed
rCold   . . .      Faith    .   (shield unavailable)
rNeg    . . .      Spirit   .   (body armour unavailable)
rPois   .          Reflect  .   (helmet unavailable)
rElec   .          Harm     .   (cloak unavailable)
rCorr   .          Rampage  .   (gloves unavailable)
Will    .....      NoTele   +   (boots unavailable)
Stlth   +++.......              (no amulet)
HPRegen 0.03/turn               (no ring)
MPRegen 0.08/turn               (no ring)

@: wreathed by umbra, quick
A: very small, claws 1, fangs 3, see invisible, speed 1, shaggy fur 1, stealthy
paws, no weapons or thrown items, no armour, multi-lived
a: Renounce Religion, Shadow Step


You were in the Dungeon.
You worshipped Dithmenos.
Dithmenos was pleased with you.
You visited 1 branch

Inventory:

Scrolls
 g - a scroll of blinking
Potions
 a - a potion of ambrosia
 b - a potion of curing
 c - a potion of heal wounds
 d - a potion of haste
 e - 2 potions of magic
 f - a potion of berserk rage


   Skills:
 - Level 3.0 Fighting
 * Level 5.0 Dodging
 + Level 3.2 Stealth
 * Level 3.7 Unarmed Combat


You couldn't memorise any spells.
You didn't know any spells.
Your spell library was empty.

Dungeon Overview and Level Annotations

Branches:
Dungeon (1/1)

Altars:
Cheibriados
Dithmenos
Fedhas
Gozag
Kikubaaqudgha
Makhleb
Okawaru
Qazlal
Ru
Sif Muna
Trog
Uskayaw
Vehumet
Wu Jian
Xom
Yredelemnul
Zin
The Shining One
Lugonu

Shops:
D *[??*?*:[((!!!!


Innate Abilities, Weirdness & Mutations

You have sharp claws.
You have razor-sharp teeth.
You have supernaturally acute eyesight. (SInv)
You cover ground quickly. (Speed+)
You are covered in fur. (AC +1)
Your paws help you pounce on unaware monsters.
You are incapable of wielding weapons or throwing items.
You cannot wear armour.
You gain extra lives every three experience levels.


Message History

The giant cockroach misses you.
You scratch the giant cockroach.
You kill the giant cockroach!
Dithmenos accepts your kill.
Your Stealth skill increases to level 3!
You see here a giant cockroach corpse.
You barely miss the worm. You bite the worm.
The worm is lightly wounded.
The worm bites you.
You scratch the worm.
The worm is lightly wounded.
You scratch the worm but do no damage.
The worm is lightly wounded.
The worm bites you.
* * * LOW HITPOINT WARNING * * *
You scratch the worm.
The worm is moderately wounded.
You scratch the worm.
The worm is moderately wounded.
The worm misses you. 50...
A giant cockroach comes into view.
The giant cockroach waves its antennae.
You scratch the giant cockroach.
The giant cockroach is severely wounded.
The giant cockroach barely misses you.
You scratch the giant cockroach.
You kill the giant cockroach!
Dithmenos accepts your kill. The worm barely misses you.
Your Dodging skill increases to level 5!
You scratch the worm.
The worm is lightly wounded.
You scratch the worm.
The worm is lightly wounded.
You scratch the worm but do no damage.
The worm is lightly wounded.
The worm bites you.
Ouch! That really hurt!
You die...

#∩.......∩# #........_#
#.........# #_....†...#
###.........###
#⌠...........⌠#
#####.8.........8.######
.___......###..w...___∩##
........8.# #.8.@......∩###
..........###.............##
.......###...###..........⌠#
.......# #.<.# #..........⌠#
.......###...###..........⌠#
..........###.............##
........8.# #.8........∩###
∩___..†...###......___∩##
#####.8.........8.######


You could see a worm.

Vanquished Creatures
  4 giant cockroaches (D)
4 creatures vanquished.

Notes
Turn   | Place    | Note
-------+----------+-------------------------------------------
     0 | D        | tevo3000 the Felid Monk began the quest for the Orb.
     0 | D        | Reached XP level 1. HP: 10/10 MP: 2/2
     1 | D        | Found a blossoming altar of Fedhas.
     1 | D        | Found an iron altar of Okawaru.
     2 | D        | Found a stormy altar of Qazlal.
     3 | D        | Found a corrupted altar of Lugonu.
     4 | D        | Found Osyeff's Magic Scroll Shop.
     4 | D        | Found Zappum's Staff Store.
     5 | D        | Found Jebruen's Magic Scroll Shop.
     5 | D        | Found Awazoi's Must-Have Magic.
     7 | D        | Found a hide-covered altar of Uskayaw.
     7 | D        | Round 1.
     9 | D        | Found Qaasil's Jewellery.
     9 | D        | Found Naiboll's Advanced Armour.
    10 | D        | Found an opulent altar of Gozag.
    10 | D        | Found a glowing silver altar of Zin.
    10 | D        | Found an ornate altar of the Wu Jian Council.
    10 | D        | Found Cuushish's Identification Station.
    14 | D        | Found a shimmering blue altar of Sif Muna.
    15 | D        | Found a shimmering altar of Xom.
    16 | D        | Found a sacrificial altar of Ru.
    17 | D        | Found an ancient bone altar of Kikubaaqudgha.
    17 | D        | Found a burning altar of Makhleb.
    17 | D        | Found a basalt altar of Yredelemnul.
    17 | D        | Found Iddenn's Premium Goods.
    17 | D        | Found Gill's Weapon Rack.
    18 | D        | Found Ziony's Miscellaneous Merchandise.
    18 | D        | Found Ateheo Zoore's Basic Armour.
    26 | D        | Found a shadowy altar of Dithmenos.
    27 | D        | Found a snail-covered altar of Cheibriados.
    28 | D        | Found a radiant altar of Vehumet.
    29 | D        | Found Refakk's Do-It-Yourself Clinic.
    30 | D        | Found Kapped's Bottled Wisdom.
    30 | D        | Found Zaprah's Distillery.
    30 | D        | Found a bloodstained altar of Trog.
    30 | D        | Found a glowing golden altar of the Shining One.
    30 | D        | Found Zunikorr's Distillery.
    34 | D        | Became a worshipper of Dithmenos the Shadowed
    34 | D        | Reached * piety under Dithmenos
    34 | D        | Reached ** piety under Dithmenos
   169 | D        | Reached skill level 5 in Dodging
   176 | D        | Slain by a worm

Illustrated notes

Levels and vault maps discovered:
D:        arena_sprint

Skill      XL: |  1 |
---------------+----+-----
Stealth        | 3 |  3.2
Dodging        | 5 |  5.0
Fighting       | |  3.0
Unarmed Combat | |  3.7

Action                   || total
-------------------------++-------
Melee: Unarmed           ||    20
       Bite              ||     1
Dodge: Dodged            ||    12
